PA
CHICAGO TULA @ MYRTLE BEACH SEAHAWKS
05/01/2042
 
TOP OF THE 1ST
Chicago Tula batting - Pitching for Myrtle Beach Seahawks : RHP Kwang-sik Kang
Pitching: RHP Kwang-sik Kang
Batting: LHB Cisco Gracía 0-0: Foul Ball, location: 2F
0-1: Called Strike
0-2: Strikes out looking
Batting: LHB Mike Reynolds 0-0: Foul Ball, location: 2F
0-1: Ball
1-1: Ball
2-1: Called Strike
2-2: Ball
3-2: Strikes out looking
Batting: RHB Guillermo Dettori 0-0: Ball
1-0: Ball
2-0: DOUBLE (Flyball, 8LXD, EV 98.8 MPH)
Batting: LHB Andrew Gray 0-0: Called Strike
0-1: Ground out U3 (Groundball, 34S, EV 90.6 MPH)
Top of the 1st over - 0 runs, 1 hit, 0 errors, 1 left on base; Chicago 0 - Myrtle Beach 0
BOTTOM OF THE 1ST
Myrtle Beach Seahawks batting - Pitching for Chicago Tula : LHP David O'Farrell
Pitching: LHP David O'Farrell
Batting: RHB Xavier Botín 0-0: Called Strike
0-1: Foul Ball, location: 2F
0-2: Ball
1-2: Fly out, F8 (Flyball, 8LXD, EV 88.8 MPH)
Batting: RHB Nicholas Colling 0-0: Called Strike
0-1: Ball
1-1: Foul Ball, location: 2F
1-2: SINGLE (Groundball, 6MD, EV 100.0 MPH)
Batting: RHB Darren Gordam 0-0: Hit by Pitch
Nicholas Colling to second
Batting: RHB Wendel Koudstaal 0-0: Ball
1-0: Called Strike
1-1: Called Strike
1-2: Fly out, F9 (Flyball, 89D, EV 91.2 MPH)
Batting: LHB John Allen 0-0: Ball
1-0: Swinging Strike
1-1: Swinging Strike
1-2: Ball
2-2: Strikes out swinging
Bottom of the 1st over - 0 runs, 1 hit, 0 errors, 2 left on base; Chicago 0 - Myrtle Beach 0
TOP OF THE 2ND
Chicago Tula batting - Pitching for Myrtle Beach Seahawks : RHP Kwang-sik Kang
Batting: RHB Jeff Weber 0-0: Ball
1-0: Ball
2-0: Called Strike
2-1: Called Strike
2-2: Strikes out swinging
Batting: RHB Cédric Dumas 0-0: Called Strike
0-1: Foul Ball, location: 2F
0-2: Ball
1-2: Strikes out looking
Batting: RHB Terry Baker 0-0: Called Strike
0-1: Called Strike
0-2: Strikes out swinging
Top of the 2nd over - 0 runs, 0 hits, 0 errors, 0 left on base; Chicago 0 - Myrtle Beach 0
BOTTOM OF THE 2ND
Myrtle Beach Seahawks batting - Pitching for Chicago Tula : LHP David O'Farrell
Batting: LHB Anton Zdravomyslov 0-0: Foul Ball, location: 2F
0-1: Ball
1-1: Foul Ball, location: 2F
1-2: Ground out 4-3 (Groundball, 4, EV 103.1 MPH)
Batting: RHB Aleixos Arde 0-0: DOUBLE (Line Drive, 89XD, EV 106.9 MPH)
Batting: RHB Andrew Sprinkle 0-0: Ball
1-0: Fly out, F7 (Line Drive, 7, EV 92.5 MPH)
Batting: RHB Bartolo Ayala 0-0: Ball
1-0: Called Strike
1-1: Fly out, F8 (Line Drive, 8LM, EV 107.5 MPH)
Bottom of the 2nd over - 0 runs, 1 hit, 0 errors, 1 left on base; Chicago 0 - Myrtle Beach 0
TOP OF THE 3RD
Chicago Tula batting - Pitching for Myrtle Beach Seahawks : RHP Kwang-sik Kang
Batting: RHB Chad Brown 0-0: Ball
1-0: SINGLE (Groundball, 4D, EV 99.4 MPH)
Batting: RHB Millard King 0-0: Called Strike
0-1: Called Strike
0-2: Ball
1-2: Strikes out swinging
Batting: LHB Cisco Gracía 0-0: Fly out, F6 (Popup, 6, EV 78.8 MPH)
Batting: LHB Mike Reynolds 0-0: Ball
1-0: Fly out, F1 (Line Drive, P, EV 71.2 MPH)
Top of the 3rd over - 0 runs, 1 hit, 0 errors, 1 left on base; Chicago 0 - Myrtle Beach 0
BOTTOM OF THE 3RD
Myrtle Beach Seahawks batting - Pitching for Chicago Tula : LHP David O'Farrell
Batting: RHB Xavier Botín 0-0: Called Strike
0-1: Ball
1-1: Called Strike
1-2: Ground out 3-1 (Groundball, 34, EV 83.1 MPH)
Batting: RHB Nicholas Colling 0-0: Swinging Strike
0-1: Ball
1-1: Ball
2-1: Foul Ball, location: 2F
2-2: Fly out, F8 (Flyball, 89S, EV 87.5 MPH)
Batting: RHB Darren Gordam 0-0: Ball
1-0: Ground out 4-3 (Groundball, 4, EV 79.4 MPH)
Bottom of the 3rd over - 0 runs, 0 hits, 0 errors, 0 left on base; Chicago 0 - Myrtle Beach 0
TOP OF THE 4TH
Chicago Tula batting - Pitching for Myrtle Beach Seahawks : RHP Kwang-sik Kang
Batting: RHB Guillermo Dettori 0-0: Ball
1-0: Swinging Strike
1-1: Foul Ball, location: 2F
1-2: Fly out, F2 (Popup, 15S, EV 85.6 MPH)
Batting: LHB Andrew Gray 0-0: Called Strike
0-1: Ball
1-1: Ball
2-1: Swinging Strike
2-2: Ball
3-2: Strikes out swinging
Batting: RHB Jeff Weber 0-0: Ball
1-0: Called Strike
1-1: Swinging Strike
1-2: Strikes out looking
Top of the 4th over - 0 runs, 0 hits, 0 errors, 0 left on base; Chicago 0 - Myrtle Beach 0
BOTTOM OF THE 4TH
Myrtle Beach Seahawks batting - Pitching for Chicago Tula : LHP David O'Farrell
Batting: RHB Wendel Koudstaal 0-0: Ball
1-0: Ball
2-0: Ball
3-0: Foul Ball, location: 2F
3-1: Called Strike
3-2: Foul Ball, location: 2F
3-2: Fly out, F8 (Flyball, 78D, EV 100.0 MPH)
Batting: LHB John Allen 0-0: Hit by Pitch
Batting: LHB Anton Zdravomyslov 0-0: Swinging Strike
0-1: Swinging Strike
0-2: Ball
1-2: Ball
2-2: Strikes out swinging
Batting: RHB Aleixos Arde 0-0: Called Strike
0-1: Ball
1-1: Ball
2-1: Ball
3-1: SINGLE (Groundball, 4MD, EV 98.8 MPH)
John Allen to second
Runner from 2nd tries for 3rd, OUT! 8-5
Bottom of the 4th over - 0 runs, 1 hit, 0 errors, 1 left on base; Chicago 0 - Myrtle Beach 0
TOP OF THE 5TH
Chicago Tula batting - Pitching for Myrtle Beach Seahawks : RHP Kwang-sik Kang
Now in CF: José García
Batting: RHB Cédric Dumas 0-0: Ball
1-0: Fly out, F5 (Popup, 56S, EV 81.9 MPH)
Batting: RHB Terry Baker 0-0: Ball
1-0: Fly out, F7 (Line Drive, 7D, EV 87.5 MPH)
Batting: RHB Chad Brown 0-0: Foul Ball, location: 2F
0-1: Fly out, F8 (Line Drive, 8RD, EV 103.1 MPH)
Top of the 5th over - 0 runs, 0 hits, 0 errors, 0 left on base; Chicago 0 - Myrtle Beach 0
BOTTOM OF THE 5TH
Myrtle Beach Seahawks batting - Pitching for Chicago Tula : LHP David O'Farrell
Batting: RHB Andrew Sprinkle 0-0: Swinging Strike
0-1: Ball
1-1: Fly out, F9 (Flyball, 9LS, EV 79.4 MPH)
Batting: RHB Bartolo Ayala 0-0: Called Strike
0-1: Fly out, F3 (Popup, 23F, EV 87.5 MPH)
Batting: RHB Xavier Botín 0-0: Swinging Strike
0-1: Foul Ball, location: 2F
0-2: Ball
1-2: Strikes out swinging
Bottom of the 5th over - 0 runs, 0 hits, 0 errors, 0 left on base; Chicago 0 - Myrtle Beach 0
TOP OF THE 6TH
Chicago Tula batting - Pitching for Myrtle Beach Seahawks : RHP Kwang-sik Kang
Batting: RHB Millard King 0-0: Foul Ball, location: 2F
0-1: Called Strike
0-2: Strikes out swinging
Batting: LHB Cisco Gracía 0-0: Ball
1-0: Ball
2-0: Foul Ball, location: 2F
2-1: Called Strike
2-2: Strikes out swinging
Batting: LHB Mike Reynolds 0-0: Called Strike
0-1: Foul Ball, location: 2F
0-2: Strikes out looking
Top of the 6th over - 0 runs, 0 hits, 0 errors, 0 left on base; Chicago 0 - Myrtle Beach 0
BOTTOM OF THE 6TH
Myrtle Beach Seahawks batting - Pitching for Chicago Tula : LHP David O'Farrell
Batting: RHB Nicholas Colling 0-0: Foul Ball, location: 2F
0-1: Ground out 1-3 (Groundball, P, EV 81.2 MPH)
Batting: RHB Darren Gordam 0-0: SINGLE (Groundball, 6S, EV 60.6 MPH) (infield hit)
Batting: RHB Wendel Koudstaal 0-0: Called Strike
0-1: Foul Ball, location: 2F
0-2: Ball
1-2: Foul Ball, location: 2F
1-2: Ball
2-2: Ball
3-2: Strikes out looking
Batting: SHB José García 0-0: Ball
1-0: Ball
2-0: Foul Ball, location: 2F
2-1: Ball
3-1: Swinging Strike
3-2: Strikes out swinging
Bottom of the 6th over - 0 runs, 1 hit, 0 errors, 1 left on base; Chicago 0 - Myrtle Beach 0
TOP OF THE 7TH
Chicago Tula batting - Pitching for Myrtle Beach Seahawks : RHP Kwang-sik Kang
Batting: RHB Guillermo Dettori 0-0: Called Strike
0-1: Called Strike
0-2: Ground out 5-3 (Groundball, 5, EV 96.2 MPH)
Batting: LHB Andrew Gray 0-0: Foul Ball, location: 2F
0-1: Ball
1-1: Called Strike
1-2: Foul Ball, location: 2F
1-2: Strikes out swinging
Batting: RHB Jeff Weber 0-0: Ball
1-0: Swinging Strike
1-1: Called Strike
1-2: Ball
2-2: Strikes out looking
Top of the 7th over - 0 runs, 0 hits, 0 errors, 0 left on base; Chicago 0 - Myrtle Beach 0
BOTTOM OF THE 7TH
Myrtle Beach Seahawks batting - Pitching for Chicago Tula : LHP David O'Farrell
Batting: LHB Anton Zdravomyslov 0-0: Ball
1-0: Called Strike
1-1: Ball
2-1: Foul Ball, location: 2F
2-2: Ball
3-2: Foul Ball, location: 2F
3-2: Fly out, F7 (Flyball, 7LS, EV 91.2 MPH)
Batting: RHB Aleixos Arde 0-0: Ball
1-0: Called Strike
1-1: Ball
2-1: Foul Ball, location: 2F
2-2: Ball
3-2: Fly out, F4 (Popup, 34S, EV 70.0 MPH)
Batting: RHB Andrew Sprinkle 0-0: Ball
1-0: Fly out, F3 (Popup, 34S, EV 69.4 MPH)
Bottom of the 7th over - 0 runs, 0 hits, 0 errors, 0 left on base; Chicago 0 - Myrtle Beach 0
TOP OF THE 8TH
Chicago Tula batting - Pitching for Myrtle Beach Seahawks : RHP Kwang-sik Kang
Batting: RHB Cédric Dumas 0-0: Called Strike
0-1: Ball
1-1: Foul Ball, location: 2F
1-2: Ball
2-2: Strikes out looking
Pitching: RHP Joe Gregg
Batting: RHB Terry Baker 0-0: Called Strike
0-1: Foul Ball, location: 2F
0-2: Ground out 6-3 (Groundball, 56, EV 86.2 MPH)
Batting: RHB Chad Brown 0-0: Called Strike
0-1: DOUBLE (Flyball, 8LD, EV 95.6 MPH)
Batting: RHB Millard King 0-0: Foul Ball, location: 2F
0-1: Ball
1-1: Fly out, F9 (Flyball, 9, EV 73.8 MPH)
Top of the 8th over - 0 runs, 1 hit, 0 errors, 1 left on base; Chicago 0 - Myrtle Beach 0
BOTTOM OF THE 8TH
Myrtle Beach Seahawks batting - Pitching for Chicago Tula : LHP David O'Farrell
Batting: RHB Bartolo Ayala 0-0: Ball
1-0: SINGLE (Line Drive, 89M, EV 108.8 MPH)
Batting: RHB Xavier Botín 0-0: Ball
1-0: Fly out, F8 (Flyball, 8RM, EV 90.0 MPH)
Pitching: LHP Bob Burke
Batting: RHB Nicholas Colling 0-0: Ball
1-0: Ball
Wild Pitch!
Bartolo Ayala to second
2-0: Ball
3-0: Base on Balls
Batting: RHB Darren Gordam 0-0: Foul Ball, location: 2F
0-1: Ball
1-1: Fielders Choice at 2nd, 4-6 (Groundball, 4, EV 84.4 MPH)
Bartolo Ayala to third
Batting: RHB Wendel Koudstaal 0-0: Ball
1-0: Fly out, F7 (Flyball, 78S, EV 80.6 MPH)
Bottom of the 8th over - 0 runs, 1 hit, 0 errors, 2 left on base; Chicago 0 - Myrtle Beach 0
TOP OF THE 9TH
Chicago Tula batting - Pitching for Myrtle Beach Seahawks : RHP Joe Gregg
Batting: LHB Cisco Gracía 0-0: Ground out 6-3 (Groundball, 56, EV 88.1 MPH)
Pinch Hitting: LHB Rafael Mora 0-0: Ball
1-0: Ground out U3 (Groundball, 3, EV 88.1 MPH)
Batting: RHB Guillermo Dettori 0-0: Ball
1-0: SINGLE (Groundball, 6MD, EV 103.1 MPH)
Batting: LHB Andrew Gray 0-0: SINGLE (Line Drive, 6D, EV 98.8 MPH)
Guillermo Dettori to second
Batting: RHB Jeff Weber 0-0: Called Strike
0-1: Ball
1-1: Called Strike
1-2: Foul Ball, location: 2F
1-2: Strikes out swinging
Top of the 9th over - 0 runs, 2 hits, 0 errors, 2 left on base; Chicago 0 - Myrtle Beach 0
BOTTOM OF THE 9TH
Myrtle Beach Seahawks batting - Pitching for Chicago Tula : LHP Bob Burke
Now in RF: José Salas
Batting: SHB José García 0-0: SINGLE (Line Drive, 89S, EV 98.8 MPH)
Batting: LHB Anton Zdravomyslov 0-0: Foul Ball, location: 2F
0-1: SINGLE (Groundball, 6MD, EV 96.9 MPH)
José García to second
Runner from 2nd tries for 3rd, SAFE, no throw by CF
Batting: RHB Aleixos Arde 0-0: Ball
1-0: Ball
2-0: Ball
3-0: Called Strike
3-1: Foul Ball, location: 2F
3-2: Strikes out swinging
Batting: RHB Andrew Sprinkle 0-0: Foul Ball, location: 2F
0-1: Ball
1-1: Swinging Strike
1-2: Foul Ball, location: 2F
1-2: Ball
2-2: Foul Ball, location: 2F
2-2: Strikes out looking
Batting: RHB Bartolo Ayala 0-0: Ball
1-0: Ball
2-0: Ball
3-0: Called Strike
3-1: Base on Balls
Anton Zdravomyslov to second
Batting: RHB Xavier Botín 0-0: Called Strike
0-1: Ball
1-1: Fielders Choice at 2nd, 5-4 (Groundball, 56, EV 103.8 MPH)
Bottom of the 9th over - 0 runs, 2 hits, 0 errors, 3 left on base; Chicago 0 - Myrtle Beach 0
TOP OF THE 10TH
Chicago Tula batting - Pitching for Myrtle Beach Seahawks : RHP Joe Gregg
Batting: RHB Cédric Dumas 0-0: Ball
1-0: SINGLE (Groundball, 56, EV 106.9 MPH) (infield hit)
Batting: RHB Terry Baker 0-0: Ball
1-0: Grounds into double play, 5-4-3 (Groundball, 56S, EV 86.2 MPH)
Batting: RHB Chad Brown 0-0: Ball
1-0: Swinging Strike
1-1: Ball
2-1: Ball
3-1: Swinging Strike
3-2: Foul Ball, location: 2F
3-2: Base on Balls
Pinch Hitting: LHB Make-Make Ekela 0-0: Called Strike
0-1: Ball
1-1: Fly out, F8 (Flyball, 8RM, EV 96.2 MPH)
Top of the 10th over - 0 runs, 1 hit, 0 errors, 1 left on base; Chicago 0 - Myrtle Beach 0
BOTTOM OF THE 10TH
Myrtle Beach Seahawks batting - Pitching for Chicago Tula : LHP Bob Burke
Pitching: RHP Mario Rosales
Now at C: Bob Fisher
Batting: RHB Nicholas Colling 0-0: Swinging Strike
0-1: Ball
1-1: Ball
2-1: Called Strike
2-2: Foul Ball, location: 2F
2-2: Foul Ball, location: 2F
2-2: Foul Ball, location: 2F
2-2: Strikes out swinging
Batting: RHB Darren Gordam 0-0: Swinging Strike
0-1: Ground out 6-3 (Groundball, 6, EV 89.4 MPH)
Batting: RHB Wendel Koudstaal 0-0: Called Strike
0-1: Ground out U3 (Groundball, 34, EV 85.0 MPH)
Bottom of the 10th over - 0 runs, 0 hits, 0 errors, 0 left on base; Chicago 0 - Myrtle Beach 0
TOP OF THE 11TH
Chicago Tula batting - Pitching for Myrtle Beach Seahawks : RHP Joe Gregg
Batting: LHB Cisco Gracía 0-0: Ball
1-0: Swinging Strike
1-1: Swinging Strike
1-2: Foul Ball, location: 2F
1-2: Ball
2-2: Strikes out swinging
Batting: RHB José Salas 0-0: Swinging Strike
0-1: Swinging Strike
0-2: Foul Ball, location: 2F
0-2: Ball
1-2: Ball
2-2: Foul Ball, location: 2F
2-2: Strikes out swinging, 2-3 out at first.
Batting: RHB Guillermo Dettori 0-0: Ball
1-0: Swinging Strike
1-1: Swinging Strike
1-2: Strikes out swinging passed ball, reaches first!
Batting: LHB Andrew Gray 0-0: Ground out 4-3 (Groundball, 34, EV 77.5 MPH)
Top of the 11th over - 0 runs, 0 hits, 0 errors, 1 left on base; Chicago 0 - Myrtle Beach 0
BOTTOM OF THE 11TH
Myrtle Beach Seahawks batting - Pitching for Chicago Tula : RHP Mario Rosales
Batting: SHB José García 0-0: SINGLE (Groundball, 34, EV 106.2 MPH) (infield hit)
Batting: LHB Anton Zdravomyslov 0-0: Swinging Strike
0-1: Ball
1-1: Ball
2-1: Foul Ball, location: 2F
2-2: Foul Ball, location: 2F
2-2: SINGLE (Groundball, 34D, EV 101.9 MPH)
José García to second
Runner from 2nd tries for 3rd, SAFE, no throw by RF
Batting: RHB Aleixos Arde 0-0: Ball
1-0: Ball
2-0: Foul Ball, location: 2F
2-1: Called Strike
2-2: Strikes out swinging
Batting: RHB Andrew Sprinkle 0-0: Ball
1-0: Called Strike
1-1: Ball
2-1: Swinging Strike
2-2: Ball
3-2: SINGLE (Line Drive, 7S, EV 102.5 MPH)
José García scores
Friday, March 26th, 2021 - OOTP Baseball 20.8 Build 74